 Dungeon Crawl Stone Soup version 0.30-a0-553-g7fabdf1491 (webtiles) character file.

Game seed: 8099620722421963311

3 Zonian the Sneak (level 1, -1/11 HPs)
             Began as a Vine Stalker Brigand on Dec 26, 2022.
             Slain by a kobold
             ... wielding a +0 short sword
              (3 damage)
             ... on level 1 of the Dungeon.
             The game lasted 00:00:29 (22 turns).

Zonian the Sneak (Vine Stalker Brigand)               Turns: 22, Time: 00:00:30

Health: -1/11      AC:  3    Str: 13    XL:     1   Next: 50%
Magic:  0/2        EV: 11    Int: 11    God:
Gold:   0          SH:  0    Dex: 15    Spells: 0/0 levels left

rFire   . . .      SeeInvis .    a - +2 dagger
rCold   . . .      Faith    .    (no shield)
rNeg    . . .      Spirit   +    b - +0 robe
rPois   .          Reflect  .    (no helmet)
rElec   .          Harm     .    c - +0 cloak
rCorr   .          Rampage  .    (no gloves)
Will    .....                    (no boots)
Stlth   +++                      (no amulet)
HPRegen 0.21/turn                (no ring)
MPRegen 0.08/turn                (no ring)

@: no status effects
A: fangs 2, magic shield, antimagic bite, no potion heal 2
a: no special abilities


You were on level 1 of the Dungeon.
You visited 1 branch of the dungeon, and saw 1 of its levels.

Inventory:

Hand Weapons
 a - a +2 dagger (weapon)
Missiles
 d - 8 poisoned darts (quivered)
 e - 3 curare-tipped darts
Armour
 b - a +0 robe (worn)
 c - a +0 cloak (worn)
Scrolls
 f - a scroll of magic mapping {unknown}


   Skills:
 + Level 1.8 Fighting
 + Level 1.8 Short Blades
 + Level 1.8 Throwing
 + Level 0.8 Dodging
 + Level 4.9 Stealth


You couldn't memorise any spells.
You didn't know any spells.
Your spell library was empty.

Dungeon Overview and Level Annotations

Branches:
Dungeon (1/15)

Altars:


Innate Abilities, Weirdness & Mutations

You have extremely sharp teeth.
When hurt, damage is shared between your health and your magic reserves.
Your bite disrupts and absorbs the magic of your enemies.
Potions cannot restore your health.


Message History

f - a scroll labelled NUUCE ONOIL A quokka comes into view.
Unknown command.
A goblin comes into view. It is wielding a +0 club.
The gnoll hits you from afar with a +0 spear.
A kobold comes into view. It is wielding a +0 short sword.
You hit the kobold.
You kill the kobold!
Unknown command.
Throw: 9 darts (poison)
Press: ? - help, Q - select action, (/) - cycle Shift-Dir - straight line, f - gnoll
Aim: a gnoll, wielding a +0 spear (61% to hit)
You throw a poisoned dart. The poisoned dart hits the gnoll.
The gnoll hits you from afar with a +0 spear.
* * * LOW HITPOINT WARNING * * *
The quokka barely misses you.
Unknown command.
You closely miss the quokka. Your bite misses the quokka.
The gnoll closely misses you. The quokka barely misses you.
You miss the quokka. You bite the quokka. You drain its power.
You feel invigorated.
The quokka is moderately wounded.
The gnoll closely misses you. The quokka bites you.
* * * LOW HITPOINT WARNING * * *
Unknown command.
You hit the goblin. You bite the goblin.
You kill the goblin!
The gnoll closely misses you.
The quokka bites you but does no damage.
Unknown command.
You hit the quokka.
You kill the quokka!
The gnoll closely misses you.
Unknown command.
Found a falchion.
The gnoll completely misses you.
You see here a +0 whip.
You barely miss the gnoll. You bite the gnoll, but do no damage.
The gnoll hits you but does no damage.
The kobold hits you with a +0 short sword.
You die...

.#.).# ..#
..#.#.####..
..........#
#.#.#....
....=..
#.... #.Kg#
#.)@# #...#
#...# #.#.#
#.#.# #...#
#...# #...#
#.#.#


You could see a gnoll and a kobold.

Vanquished Creatures
  A goblin (D:1)
  A quokka (D:1)
  A kobold (D:1)
3 creatures vanquished.

Notes
Turn   | Place    | Note
-------+----------+-------------------------------------------
     0 | D:1      | Zonian the Vine Stalker Brigand began the quest for the
                  | Orb.
     0 | D:1      | Reached XP level 1. HP: 11/11 MP: 2/2
    22 | D:1      | Slain by a kobold

Illustrated notes

Levels and vault maps discovered:
D:1:      wheals_arrival_shading, layout_loops_ring

Action                   || total
-------------------------++-------
Melee: Dagger            ||     6
       Bite              ||     3
Throw: Dart              ||     1
Armor: Robe              ||     2
Dodge: Dodged            ||     7

Table legend: (Time is in decaauts)
 A = Elapsed time spent in this place.
 B = Non-inter-level travel time spent in this place.
 C = Inter-level travel time spent in this place.
 D = Time resting spent in this place.
 E = Time spent auto-exploring this place.
 F = Levels seen in this place.
 G = Mean time per level.
                   A        B        C        D        E       F      G
               +--------+--------+--------+--------+--------+-----+--------+
         Total |     21 |     21 |      0 |      0 |     10 |   1 |   21.0 |
       Dungeon |     21 |     21 |      0 |      0 |     10 |   1 |   21.0 |
               +--------+--------+--------+--------+--------+-----+--------+

Top non-repeatable levels by time:
     D:1: 21 daAuts
